 Dungeon Crawl Stone Soup version 0.17.1-3-g152610e (webtiles) character file.

142 warlockg3 the Ducker (level 5, -15/41 HPs)
             Began as a Vampire Abyssal Knight on Apr 10, 2016.
             Was a Believer of Lugonu.
             Killed by divine providence
             ... invoked by an orc priest
              (16 damage)
             ... on level 4 of the Dungeon.
             The game lasted 00:18:54 (3272 turns).

warlockg3 the Ducker (Vampire Abyssal Knight)       Turns: 3272, Time: 00:18:54

Health: -15/41     AC: 11    Str: 12    XL:     5   Next: 4%
Magic:  6/6        EV:  9    Int: 16    God:    Lugonu [**....]
Gold:   72         SH:  0    Dex: 14    Spells: 0 memorised, 4 levels left

rFire  x . .     SeeInvis +     c - +0 falchion
rCold  + + +     Clarity  .     l - +1 ice dragon armour
rNeg   + + .     SustAt   .     (no shield)
rPois  +         Gourm    .     (no helmet)
rElec  .         Spirit   .     (no cloak)
rCorr  .         Warding  .     (no gloves)
rMut   .         Stasis   .     f - +0 pair of boots
MR     .....                    (no amulet)
Stlth  +.........               (no ring)
                                o - +2 ring of intelligence

@: regenerating slowly, not resistant to hostile enchantments, very unstealthy
A: fangs 3, see invisible, unbreathing
a: Bat Form, Depart the Abyss, Bend Space, Renounce Religion


You were on level 4 of the Dungeon.
You worshipped Lugonu.
Lugonu was pleased with you.
You were very thirsty.

You visited 1 branch of the dungeon, and saw 4 of its levels.
You visited the Abyss 1 time.

You collected 72 gold pieces.

Inventory:

Hand Weapons
 a - a +1 short sword
 c - a +0 falchion (weapon)
Armour
 b - a +0 leather armour
 f - a +0 pair of boots (worn)
 l - a +1 ice dragon armour (worn)
Jewellery
 o - a +2 ring of intelligence (left hand)
Scrolls
 d - 2 scrolls of remove curse
 h - a scroll of magic mapping
 n - a scroll of teleportation
Comestibles
 i - a royal jelly
 j - 2 fruits


   Skills:
 + Level 3.3 Fighting
 + Level 2.9 Short Blades
 + Level 1.8 Armour
 + Level 3.6 Dodging
 + Level 2.2 Stealth
 + Level 1.8 Invocations


You had 4 spell levels left.
You didn't know any spells.

Dungeon Overview and Level Annotations

Branches:
Dungeon (4/15)
 Temple: D:4-7

Altars:
Fedhas
Gozag
Yredelemnul

Shops:
D:4 =*


Innate Abilities, Weirdness & Mutations

You heal slowly.
You have razor-sharp teeth.
You have supernaturally acute eyesight.
You can survive without breathing.


Message History

The orc hits you but does no damage. The orc priest hits you with a flail.
You hit the orc priest.
The orc priest is heavily wounded.
The orc barely misses you. The orc hits you but does no damage.
The orc priest hits you with a flail.
You hit the orc priest.
The orc priest is severely wounded.
The orc barely misses you.
The orc priest invokes the aid of Beogh against you.
Something smites you!
* * * LOW HITPOINT WARNING * * *
You barely miss the orc priest.
You bite the orc priest, but do no damage.
The orc priest is severely wounded.
The orc hits you but does no damage. The orc closely misses you.
The orc hits you but does no damage. The orc barely misses you.
The orc hits you but does no damage. The orc barely misses you.
The orc priest invokes the aid of Beogh against you.
Something smites you!
You die...

... # .... .# .#
.... .#####. .....
.##...
.....#######.#...#
.(...........+.o.#
#..........#o@o###
#..........#o.o..##
#..........#?..#..#
######≈≈≈≈≈≈≈.....#
#≈.....≈≈≈≈..#
#≈.⌠.⌠....≈..#
#≈..∩..._....#
#≈.⌠.⌠....≈.##
#≈.....≈≈≈≈.#


You could see an orc priest and 4 orcs.

Vanquished Creatures
  A giant frog zombie (D:4)
  A hound (D:4)
  2 oozes (D:2)
  2 worms (D:2)
  2 giant geckos (D:2)
  5 orcs
  3 ball pythons
  8 bats
  7 giant cockroaches
  6 goblins
  4 hobgoblins
  A kobold (D:1)
  3 quokkas (D:2)
  5 giant newts
  2 gnoll zombies (D:2)
  7 rats
59 creatures vanquished.

Notes
Turn   | Place    | Note
--------------------------------------------------------------
     0 | Abyss:1  | warlockg3 the Vampire Abyssal Knight began the quest for the Orb.
     0 | Abyss:1  | Reached XP level 1. HP: 17/17 MP: 2/2
     2 | D:1      | Escaped the Abyss
    53 | D:1      | Reached * piety under Lugonu
   525 | D:1      | Reached XP level 2. HP: 18/23 MP: 3/3
   545 | D:1      | Reached skill level 3 in Fighting
   839 | D:1      | Reached skill level 1 in Armour
  1750 | D:2      | Reached XP level 3. HP: 26/29 MP: 4/4
  1960 | D:2      | Reached ** piety under Lugonu
  1971 | D:2      | Found a basalt altar of Yredelemnul.
  2335 | D:2      | Reached skill level 1 in Stealth
  2650 | D:2      | Reached XP level 4. HP: 31/35 MP: 5/5
  2677 | D:3      | Found a faded altar to an unknown god.
  2721 | D:3      | Noticed a sky beast
  2733 | D:3      | Found a blossoming altar of Fedhas.
  2823 | D:4      | Found Zoac Qiurr's Jewellery Shop.
  2831 | D:4      | Found Gozag's Platinum Reserve.
  2852 | D:4      | Reached XP level 5. HP: 5/41 MP: 6/6
  2857 | D:4      | Found an opulent altar of Gozag.
  3270 | D:4      | HP: 1/41 [orc priest/divine providence (16)]
  3272 | D:4      | Killed from afar by an orc priest

Action                   |  1- 3 |  4- 6 || total
-------------------------+-------+-------++-------
Melee: Short sword       |   164 |     3 ||   167
       Falchion          |       |    47 ||    47
Invok: Depart the Abyss  |     1 |       ||     1
 Abil: End Transformatio |       |     3 ||     3
       Bat Form          |       |     3 ||     3
  Use: Scroll            |       |     4 ||     4
       Potion            |       |     4 ||     4
 Stab: Sleeping          |     1 |       ||     1
  Eat: Corpse            |     6 |       ||     6
